 Dungeon Crawl Stone Soup version 0.31.0-32-g396128a36d (webtiles) character file.

Game seed: 13816771358795342882

3147 adizb the Summoner (level 9, -14/50 HPs)
             Began as a Deep Elf Summoner on Apr 10, 2024.
             Demolished by an orc knight
             ... wielding a +0 broad axe
              (32 damage)
             ... in a bailey.
             The game lasted 00:43:38 (5271 turns).

adizb the Summoner (Deep Elf Summoner)              Turns: 5271, Time: 00:43:38

Health: -14/50     AC:  7    Str:  5    XL:     9   Next: 62%
Magic:  7/22       EV: 14    Int: 31    God:
Gold:   332        SH:  0    Dex: 15    Spells: 17/23 levels left

rFire   + . .        k - +2 short sword (venom)
rCold   . . .        (no shield)
rNeg    . . .        v - +1 leather armour of the Journeyman {+Blink rF+}
rPois   .            L - +0 helmet
rElec   .            r - +0 cloak
rCorr   .            G - +0 pair of gloves
SInv    .            (no boots)
Will    .....        (no amulet)
Stlth   +++          f - +4 ring of slaying
HPRegen 0.28/turn    q - +6 ring of intelligence
MPRegen 0.18/turn

%: no passive effects
@: unable to call your familiar
A: no striking features
a: Evoke Blink


You were in a bailey.
You visited 1 branch of the dungeon, and saw 7 of its levels.
You also visited: Bailey.

You collected 332 gold pieces.

Inventory:

Hand Weapons
 k - a +2 short sword of venom (weapon)
 J - a +0 orcbow
Missiles
 j - a throwing net
Armour
 a - a +0 robe
 l - a +2 scale mail of willpower
 r - a +0 cloak (worn)
 v - the +1 leather armour of the Journeyman (worn) {+Blink rF+}
   (You found it on level 4 of the Dungeon)

   rF+:       It protects you from fire.
   +Blink:    It lets you blink.
 G - a +0 pair of gloves (worn)
 L - a +0 helmet (worn)
Jewellery
 f - a +4 ring of slaying (left hand)
 q - a +6 ring of intelligence (right hand)
 u - a ring of wizardry
 C - a ring of ice
 E - a ring of poison resistance
 M - a ring of see invisible
Wands
 o - a wand of acid (6) (quivered)
Scrolls
 c - a scroll of enchant weapon
 d - a scroll of acquirement {unknown}
 g - 3 scrolls of revelation {unknown}
 m - 2 scrolls of teleportation
 s - a scroll of blinking
 w - a scroll of summoning
 x - a scroll of amnesia {unknown}
 y - a scroll of fog {unknown}
 z - a scroll of immolation {unknown}
 A - a scroll of identify
 B - a scroll of silence {unknown}
 D - a scroll of poison {unknown}
 K - a scroll of noise {unknown}
Potions
 h - a potion of enlightenment
 i - a potion of resistance {unknown}
 n - a potion of cancellation {unknown}
 p - a potion of mutation
 F - a potion of ambrosia {unknown}
 H - a potion of lignification {unknown}
 I - a potion of attraction {unknown}


   Skills:
 - Level 3.0 Fighting
 - Level 2.0 Short Blades
 - Level 2.0 Armour
 + Level 6.8 Dodging
 + Level 7.3 Stealth
 + Level 7.5 Spellcasting
 + Level 8.4 Summonings
 - Level 3.0 Fire Magic
 - Level 3.0 Air Magic
 - Level 3.0 Evocations


You had 17 spell levels left.
You knew the following spells:

 Your Spells              Type           Power      Damage    Failure   Level
a - Summon Small Mammal   Summ           100%       N/A       1%          1
b - Call Imp              Summ           100%       N/A       1%          2
c - Call Canine Familiar  Summ           59%        N/A       1%          3

Your spell library contained the following spells:

 Spells                   Type           Power      Damage    Failure   Level
 Summon Blazeheart Golem  Fire/Summ      47%        N/A       6%          4
 Summon Lightning Spire   Summ/Air       47%        N/A       6%          4
 Cigotuvi's Dreadful Rot  Necr/Alch/Air  34%        N/A       7%          2
 Fugue of the Fallen      Necr           11%        N/A       21%         3
 Ozocubu's Armour         Ice            11%        N/A       21%         3
 Ignite Poison            Fire/Alch      20%        N/A       36%         4
 Leda's Liquefaction      Alch/Erth      5%         N/A       56%         4
 Manifold Assault         Tloc           11%        N/A       56%         4
 Freezing Cloud           Conj/Ice/Air   8%         6-21      77%         5
 Lee's Rapid Deconstruct  Erth           5%         3d6*      88%         5
 Bombard                  Conj/Erth      5%         9d2       100%        6


Dungeon Overview and Level Annotations

Branches:
Dungeon (7/15)             Bailey (1/1)
 Temple: D:4-7

Altars:
Gozag
Wu Jian

Annotations:
D:7 Jeremiah


Message History

Your inugami dies!
Your inugami disappears in a puff of smoke!
Aiming: Corrosive Bolt
Press: ? - help, Q - select action, (/) - cycle Shift-Dir - straight line, f - orc knight
Aim: an orc knight, wielding a +0 broad axe and wearing a +0 plate armour (moderately wounded, strong, 74% to hit)
The bolt of acid hits the orc knight.
The acid corrodes the orc knight!
The orc knight is moderately wounded.
Items here: ))) [[[ †.
The orc knight roars a battlecry!
The orc knight goes into a battle-frenzy!
Casting: Call Imp (safe; 1% risk of failure)
Confirm with . or Enter, or press ? or * to list all spells.
A tiny devil pulls itself out of the air.
Casting: Call Imp (safe; 1% risk of failure)
Confirm with . or Enter, or press ? or * to list all spells.
Aiming: Corrosive Bolt
Press: ? - help, Q - select action, (/) - cycle Shift-Dir - straight line, f/p - orc knight
Aim: an orc knight, wielding a +0 broad axe and wearing a +0 plate armour (moderately wounded, strong, covered in acid, ally target, 74% to hit)
The bolt of acid hits the orc knight!
The orc knight seems to be corroded for longer.
The orc knight is heavily wounded.
The bolt of acid misses the orc knight.
Your cerulean imp hits the orc knight but does no damage.
Your quokka bites the orc knight but does no damage.
You barely miss the orc knight.
The orc knight is heavily wounded.
The orc knight hits you with a +0 broad axe!!
The orc knight hits your quokka with a +0 broad axe!
Your quokka dies!
Your quokka's corpse disappears in a puff of smoke!
Your cerulean imp hits the orc knight from afar with a +1 spear.
Your cerulean imp hits the orc knight with a +1 spear.
There is a large open door, spattered with blood here.
The orc knight hits your cerulean imp with a +0 war axe!
Your cerulean imp dies!
Your cerulean imp disappears in a puff of smoke!
The orc knight attacks as it pursues you!
The orc knight hits you with a +0 broad axe!!
Ouch! That really hurt!
You die...

#..# #..# #.8####
####8.#
#.....#######...))#
#.8...#.....#...8.#
#..)..#.....#..)..#
####..#..⌠..#.o####
#..'...).'§.#
#..'....o'..#
#####''@#####
#...........#
####~~~~...~~~~###
≈≈≈≈≈≈≈≈...≈≈≈≈≈≈≈
≈≈≈≈≈≈≈≈...≈≈≈≈≈≈≈
≈≈≈≈≈≈≈≈...≈≈≈≈≈≈≈
≈≈≈≈≈≈≈≈...≈≈≈≈≈≈≈
≈≈≈≈≈.........≈≈≈≈
#####...)...#####


You could see 2 orc knights.

Vanquished Creatures
  An orc knight (Bailey)
  A troll (D:6)
  A water moccasin (D:7)
  2 ice beasts
  An orc warrior (Bailey)
  A centaur (D:6)
  A bullfrog (D:7)
  A scorpion (D:7)
  A howler monkey (D:6)
  2 orc priests
  4 hounds
  An orc wizard (D:4)
  Natasha (D:2)
  2 gnolls
  2 adders
  A shadow imp (D:5)
  An ufetubus (D:6)
  8 orcs
  3 bats
  2 endoplasms
  2 giant cockroaches
  2 goblins
  4 hobgoblins
  2 quokkas
  2 ball pythons
  A frilled lizard (D:1)
  2 kobolds
52 creatures vanquished.

Vanquished Creatures (collateral kills)
  Sigmund (D:3)
  The ghost of Consumeair16 the Conjurer, an amateur GnCj (D:3)
  4 orc warriors (Bailey)
  3 ogres
  A phantom (D:6)
  A centaur (D:6)
  A bullfrog (D:3)
  An electric eel (Bailey)
  4 orc priests
  A hound (D:6)
  Natasha (twice) (D:2)
  An iguana (D:5)
  5 adders
  4 gnolls
  An ufetubus (D:6)
  A dart slug (D:2)
  A ribbon worm (D:3)
  15 orcs
  6 ball pythons
  4 endoplasms
  3 giant cockroaches (D:1)
  11 goblins
  6 hobgoblins
  2 jackals (D:2)
  3 quokkas
  3 bats
  3 frilled lizards (D:1)
  8 kobolds
  3 rats
100 creatures vanquished.

Grand Total: 152 creatures vanquished

Notes
Turn   | Place    | Note
-------+----------+-------------------------------------------
     0 | D:1      | adizb the Deep Elf Summoner began the quest for the Orb.
     0 | D:1      | Reached XP level 1. HP: 10/10 MP: 6/6
   168 | D:1      | Reached XP level 2. HP: 15/15 MP: 8/8
   172 | D:1      | Learned a level 2 spell: Call Imp
   416 | D:1      | Reached XP level 3. HP: 19/19 MP: 5/9
   481 | D:1      | Found a faded altar of an unknown god.
   486 | D:1      | Learned a level 3 spell: Call Canine Familiar
   683 | D:2      | Reached skill level 5 in Summonings
   692 | D:2      | Noticed Natasha
   717 | D:2      | Killed Natasha
   718 | D:2      | Reached XP level 4. HP: 15/24 MP: 8/11
   806 | D:2      | Noticed Natasha
   811 | D:2      | Killed Natasha
  1367 | D:2      | Noticed Natasha
  1388 | D:2      | Killed Natasha
  1685 | D:3      | Reached XP level 5. HP: 28/28 MP: 9/13
  1985 | D:3      | Noticed Sigmund
  2050 | D:3      | Killed Sigmund
  2051 | D:3      | Reached skill level 1 in Fighting
  2051 | D:3      | Reached skill level 6 in Summonings
  2051 | D:3      | Reached XP level 6. HP: 34/34 MP: 10/14
  2078 | D:3      | Found a runed translucent gate.
  2078 | D:3      | Found a runed translucent gate.
  2078 | D:3      | Found a runed translucent gate.
  2079 | D:3      | Found an opulent altar of Gozag.
  2080 | D:3      | Noticed Consumeair16's ghost (amateur GnCj)
  2102 | D:3      | Killed Consumeair16's ghost
  2103 | D:3      | Reached skill level 5 in Spellcasting
  2257 | D:3      | Reached XP level 7. HP: 38/39 MP: 12/16
  2854 | D:4      | Reached skill level 5 in Stealth
  2886 | D:4      | Reached skill level 7 in Summonings
  2889 | D:4      | Identified the +1 leather armour of the Journeyman {+Blink
                  | rF+}
  3250 | D:5      | Entered Level 5 of the Dungeon
  3387 | D:5      | Reached skill level 5 in Dodging
  3411 | D:5      | Reached skill level 1 in Evocations
  3752 | D:6      | Reached XP level 8. HP: 45/45 MP: 13/18
  3908 | D:6      | Reached skill level 1 in Short Blades
  4161 | D:6      | Found an ornate altar of the Wu Jian Council.
  4180 | D:6      | Reached skill level 1 in Fire Magic
  4180 | D:6      | Reached skill level 1 in Air Magic
  4380 | D:6      | Noticed a troll
  4391 | D:6      | Killed a troll
  4772 | D:7      | Noticed Jeremiah
  4817 | D:7      | Reached XP level 9. HP: 40/50 MP: 14/20
  4822 | D:7      | Reached skill level 1 in Armour
  4825 | D:7      | Found a flagged portal.
  4870 | Bailey   | Entered a bailey
  4911 | Bailey   | Noticed an orc knight
  4950 | Bailey   | Killed an orc knight
  4951 | Bailey   | Reached skill level 8 in Summonings
  5242 | Bailey   | Noticed an orc knight
  5249 | Bailey   | Noticed an orc knight
  5271 | Bailey   | Demolished by an orc knight

Illustrated notes

Levels and vault maps discovered:
D:1:      lightli_arrival_quake, layout_rooms,
          dreamdust_ecumenical_altar_hidden_monk_grotto, chequers_jeans,
          nicolae_concentric_dashed_squares_wild
D:2:      layout_basic, minmay_fountain_box, uniq_natasha
D:3:      layout_loops_cross, ebering_ghost_gozag, uniq_sigmund
D:4:      layout_gridville
D:5:      layout_rooms, minmay_misc_feat_alley, minmay_misc_feat_five,
          serial_library_hellmonk_room_a
D:6:      layout_basic, nzn_wu_jian_contemplation, nicolae_nh_ransacked_shop
D:7:      layout_cave_pools, minmay_temple_entry_mini_moons, enter_bailey_5,
          uniq_jeremiah
Bailey:   bailey_axe_of_yendor_kennysheep, bailey

Skill      XL: |  1  2  3  4  5  6  7  8  9 |
---------------+----------------------------+-----
Stealth        | 3 4 5 6 7 |  7.3
Dodging        | 3 4 5 6 |  6.8
Summonings     | 5 6 7 8 |  8.4
Spellcasting   | 4 5 6 7 |  7.5
Fighting       | 1 2 3 |  3.0
Evocations     | 1 2 3 |  3.0
Short Blades   | 2 |  2.0
Fire Magic     | 2 3 |  3.0
Air Magic      | 2 3 |  3.0
Armour         | 2 |  2.0

Action                     |  1- 3 |  4- 6 |  7- 9 || total
---------------------------+-------+-------+-------++-------
  Melee: Unarmed           |     8 |       |       ||     8
         Dagger            |     7 |       |       ||     7
         Short sword       |     1 |    30 |   120 ||   151
         Punch             |       |       |     1 ||     1
  Throw: Throwing net      |       |     1 |     1 ||     2
   Cast: Summon Small Mamm |    20 |    15 |    64 ||    99
         Call Imp          |    10 |    10 |    43 ||    63
         Call Canine Famil |     2 |     8 |    18 ||    28
  Evoke: Wand              |       |       |     3 ||     3
    Use: Scroll            |       |     2 |     8 ||    10
         Potion            |       |       |     2 ||     2
   Stab: Distracted        |       |     1 |     2 ||     3
         Sleeping          |       |       |     1 ||     1
 Armour: Robe              |     9 |    26 |     2 ||    37
         Leather armour    |       |       |    74 ||    74
  Dodge: Dodged            |    14 |    28 |    88 ||   130
